 Dungeon Crawl Stone Soup version 0.22-a0-109-gbeb7240 (webtiles) character file.

185 tilp the Conjurer (level 5, -1/38 HPs)
             Began as a Draconian Conjurer on Jan 26, 2018.
             Slain by Grinder (4 damage)
             ... on level 3 of the Dungeon.
             The game lasted 00:09:21 (3493 turns).

tilp the Conjurer (Draconian Conjurer)              Turns: 3493, Time: 00:09:21

Health: -1/38      AC:  5    Str: 15    XL:     5   Next: 37%
Magic:  1/8        EV: 12    Int: 17    God:
Gold:   130        SH:  0    Dex: 11    Spells: 6/9 levels left

rFire    . . .     SeeInvis .   w - +3 spear
rCold    . . .     Gourm    .   (no shield)
rNeg     . . .     Faith    .   (armour unavailable)
rPois    .         Spirit   .   (helmet restricted)
rElec    .         Reflect  .   (no cloak)
rCorr    .         Harm     .   (no gloves)
MR       .....                  (no boots)
Stlth    ++........             (no amulet)
HPRegen  0.12/turn              (no ring)
MPRegen  0.11/turn              (no ring)

@: mighty, flying
A: unfitting armour, cold-blooded, AC +5
a: no special abilities


You were on level 3 of the Dungeon.
You were not hungry.

You visited 1 branch of the dungeon, and saw 3 of its levels.

You collected 130 gold pieces.

Inventory:

Hand Weapons
 f - a +0 dagger
 w - a +3 spear (weapon)
Missiles
 d - 51 stones (quivered)
Armour
 y - a +0 buckler
Jewellery
 v - an uncursed ring of protection from magic {unknown}
Scrolls
 c - 3 scrolls of remove curse {unknown}
 e - 4 scrolls of fog {unknown}
 h - 2 scrolls of random uselessness {unknown}
 m - 2 scrolls of teleportation {unknown}
 o - a scroll of enchant armour {unknown}
 q - a scroll of blinking {unknown}
 r - a scroll of magic mapping {unknown}
 u - a scroll of identify {unknown}
Potions
 g - a potion of invisibility {unknown}
 i - a potion of resistance {unknown}
 k - a potion of flight
 l - a potion of curing
 n - a potion of haste {unknown}
 s - a potion of mutation {unknown}
 t - a potion of might
 x - a potion of degeneration {unknown}
Books
 a - a book of Conjurations

   Spells                             Type                      Level
   a - Magic Dart                     Conjuration                  1
   b - Searing Ray                    Conjuration                  2
   c - Dazzling Spray                 Conjuration/Hexes            3
   d - Fulminant Prism                Conjuration/Hexes            4
   e - Force Lance                    Conjuration/Translocation    4
   f - Iskenderun's Mystic Blast      Conjuration                  4
Comestibles
 b - 2 rations
 p - 7 chunks of flesh


   Skills:
 - Level 2.5 Dodging
 - Level 2.5 Stealth
 - Level 2.6 Spellcasting
 + Level 5.7 Conjurations


You had 6 spell levels left.
You knew the following spells:

 Your Spells              Type           Power        Failure   Level  Hunger
a - Magic Dart            Conj           ###.         1%          1    #......
b - Searing Ray           Conj           ###...       2%          2    ##.....


Dungeon Overview and Level Annotations

Branches:
Dungeon (3/15)

Altars:
Cheibriados

Annotations:
D:2 1 runed door
D:3 Grinder, Ijyb, Jessica, Natasha


Innate Abilities, Weirdness & Mutations

Your plain brown scales are hard. (AC +5)
You cannot fit into any form of body armour.
You are cold-blooded and may be slowed by cold attacks.


Message History

The searing ray hits Grinder.
Grinder is severely wounded. (Press . to maintain the ray.) Grinder closely misses you.
The searing ray hits Grinder.
Grinder is almost dead.
Grinder hits you.
You writhe in agony.
The searing ray misses Grinder.
Grinder hits you.
You hit Grinder.
Your tail-slap misses Grinder.
Grinder is almost dead.
Grinder gestures at you. Pain shoots through your body!
* * * LOW HITPOINT WARNING * * *
Unknown command.
You closely miss Grinder.
Your tail-slap misses Grinder.
Grinder is almost dead.
Grinder hits you.
* * * LOW HITPOINT WARNING * * *
You writhe in agony.
You die...

#########
........#
#@# ####
#5# #..#
#.# ##.#
#.#
≈...#.#
#.#
≈...#.#
#.#
≈...#.#
#.#
...##.##
#.#
...#...#
#.#


You could see Grinder.

Vanquished Creatures
  Robin (D:2)
  3 gnolls (D:3)
  5 adders
  3 worms (D:2)
  2 dart slugs
  4 leopard geckos
  7 orcs
  2 ball pythons (D:2)
  2 giant cockroaches (D:1)
  8 goblins
  5 hobgoblins
  8 jackals (D:1)
  8 kobolds
  2 quokkas
  6 bats
  6 frilled lizards
  4 rats
76 creatures vanquished.

Notes
Turn   | Place    | Note
-------+----------+-------------------------------------------
     0 | D:1      | tilp the Draconian Conjurer began the quest for the Orb.
     0 | D:1      | Reached XP level 1. HP: 14/14 MP: 3/3
   377 | D:1      | Reached XP level 2. HP: 20/20 MP: 3/5
   425 | D:1      | Learned a level 2 spell: Searing Ray
   792 | D:1      | Reached XP level 3. HP: 17/26 MP: 0/6
   942 | D:1      | Found a snail-covered altar of Cheibriados.
  1356 | D:2      | Noticed Robin
  1608 | D:2      | Found a runed door.
  1674 | D:2      | Reached XP level 4. HP: 33/33 MP: 2/7
  1947 | D:2      | Killed Robin
  2278 | D:2      | Reached skill level 5 in Conjurations
  2876 | D:3      | Reached XP level 5. HP: 38/38 MP: 8/8
  2905 | D:3      | Noticed Ijyb
  2912 | D:3      | Noticed Natasha
  3428 | D:3      | Noticed Jessica
  3467 | D:3      | Noticed Grinder
  3467 | D:3      | Paralysed by Grinder for 6 turns
  3478 | D:3      | Paralysed by Grinder for 5 turns
  3493 | D:3      | Slain by Grinder

Vault maps used:
D:1:      dpeg_arrival_arbitrary_b, cheibriados_altar_1
D:2:      uniq_crazy_yiuf_cottage, uniq_robin
D:3:      tgw_sif, uniq_natasha, uniq_grinder, uniq_ijyb, uniq_jessica

Skill      XL: |  1  2  3  4 |
---------------+-------------+-----
Dodging        | 2 |  2.5
Stealth        | 2 |  2.5
Conjurations   | 5 |  5.7
Spellcasting   | |  2.6

Action                   |  1- 3 |  4- 6 || total
-------------------------+-------+-------++-------
Melee: Unarmed           |    21 |       ||    21
       Dagger            |    54 |     3 ||    57
       Tailslap          |     3 |     2 ||     5
       Spear             |       |    54 ||    54
Throw: Stone             |    17 |       ||    17
 Cast: Magic Dart        |    52 |    17 ||    69
       Searing Ray       |     3 |    15 ||    18
  Use: Potion            |       |     5 ||     5
 Stab: Sleeping          |     1 |     5 ||     6
  Eat: Chunk             |     3 |     7 ||    10
Armor: Skin              |    43 |    17 ||    60
Dodge: Dodged            |    72 |    48 ||   120

Table legend:
 A = Spawn XP
 B = Non-spawn XP
 C = Spawn XP percentage of total XP
 D = Spawn monster count
 E = Non-spawn monster count
 F = Spawn count percentage of total count
 G = Total turns spent on level
                    A         B        C        D         E        F      G
               +---------+---------+-------+---------+---------+-------+---------
         Total |       0 |     265 |   0.0 |       0 |      76 |   0.0 |  3493
               +---------+---------+-------+---------+---------+-------+---------
           D:1 |       0 |      47 |   0.0 |       0 |      25 |   0.0 |  1443
           D:2 |       0 |     122 |   0.0 |       0 |      29 |   0.0 |  1284
           D:3 |       0 |      96 |   0.0 |       0 |      22 |   0.0 |   766
               +---------+---------+-------+---------+---------+-------+---------
